 Dungeon Crawl Stone Soup version 0.28-b1-25-g9875b3f (webtiles) character file.

Game seed: 2525723386833922536

9 Host24 the Bolt Thrower (level 2, 0/22 HPs)
             Began as a Demonspawn Hunter on Feb 2, 2022.
             Slain by a jackal (1 damage)
             ... on level 1 of the Dungeon.
             The game lasted 00:00:39 (488 turns).

Host24 the Bolt Thrower (Demonspawn Hunter)          Turns: 488, Time: 00:00:39

Health: 0/22       AC:  3    Str: 12    XL:     2   Next: 3%
Magic:  2/2        EV: 11    Int: 12    God:
Gold:   9          SH:  0    Dex: 13    Spells: 1/1 levels left

rFire   . . .      SeeInvis .   a - +1 hand crossbow
rCold   . . .      Faith    .   (no shield)
rNeg    . . .      Spirit   .   c - +0 leather armour
rPois   .          Reflect  .   (helmet restricted)
rElec   .          Harm     .   (no cloak)
rCorr   .          Rampage  .   (no gloves)
Will    .....                   (no boots)
Stlth   +.........              (no amulet)
HPRegen 0.07/turn               (no ring)
MPRegen 0.08/turn               (no ring)

@: no status effects
A: antennae 1
a: no special abilities


You were on level 1 of the Dungeon.
You visited 1 branch of the dungeon, and saw 1 of its levels.

You collected 9 gold pieces.

Inventory:

Hand Weapons
 a - a +1 hand crossbow (weapon)
 b - a +0 short sword
Missiles
 d - 37 bolts (quivered ammo)
 g - 17 arrows
Armour
 c - a +0 leather armour (worn)
Scrolls
 e - a scroll of blinking {unknown}
 f - a scroll of identify {unknown}
Potions
 h - a potion of attraction {unknown}


   Skills:
 - Level 2.0 Fighting
 + Level 4.1 Crossbows
 - Level 1.7 Dodging
 - Level 0.8 Stealth


You had one spell level left.
You didn't know any spells.
Your spell library was empty.

Dungeon Overview and Level Annotations

Branches:
Dungeon (1/15)

Altars:


Innate Abilities, Weirdness & Mutations

You have a pair of small antennae on your head.


Message History

Fire: 38 bolts
Press: ? - help, Q - select action Shift-Dir - straight line, f/p - jackal
Aim: a jackal (moderately wounded, 59% to hit)
You shoot a bolt. The bolt hits the jackal!
You kill the jackal!
You have reached level 2!
Your demonic ancestry asserts itself...
A pair of antennae grows on your head!
Unknown command.
The jackal bites you. The jackal barely misses you.
The jackal bites you but does no damage.
The jackal closely misses you. The jackal closely misses you.
The jackal bites you. The jackal bites you. The jackal bites you.
The jackal closely misses you.
A ball python comes into view.
The jackal bites you but does no damage.
The jackal barely misses you. The jackal barely misses you.
The jackal bites you.
The jackal bites you but does no damage.
The jackal barely misses you. The jackal completely misses you.
The jackal bites you. The jackal barely misses you.
The jackal bites you but does no damage.
The jackal misses you. The jackal bites you. The jackal bites you. x2
* * * LOW HITPOINT WARNING * * *
The jackal barely misses you.
The jackal bites you but does no damage.
The jackal closely misses you. The jackal barely misses you.
The jackal bites you.
* * * LOW HITPOINT WARNING * * *
The jackal bites you but does no damage.
The jackal bites you.
* * * LOW HITPOINT WARNING * * *
The jackal barely misses you.
The jackal bites you but does no damage.
The jackal bites you.
You die...

#.##. #.# # #.#.
#.# ## .
#..#####.######.
##.
#..............
.(#
##......######.
#(# ##..######
## Sr###.#.# #
#h#..#.# #
#@#.#.# #
#...#.# ####
#####.# #.†> #.#
#.## #.# #.# #.#
#.# #.# #.#


You could see a quokka, a jackal and a ball python.

Vanquished Creatures
  A ball python (D:1)
  A goblin (D:1)
  2 jackals (D:1)
  2 quokkas (D:1)
  A rat (D:1)
7 creatures vanquished.

Notes
Turn   | Place    | Note
-------+----------+-------------------------------------------
     0 | D:1      | Host24 the Demonspawn Hunter began the quest for the Orb.
     0 | D:1      | Reached XP level 1. HP: 16/16 MP: 1/1
   462 | D:1      | Reached skill level 4 in Crossbows
   465 | D:1      | Gained mutation: You have a pair of small antennae on your
                  | head. [demonic ancestry]
   465 | D:1      | Reached XP level 2. HP: 19/22 MP: 2/2
   485 | D:1      | HP: 1/22 [jackal (3)]
   488 | D:1      | Slain by a jackal

Illustrated notes

Levels and vault maps discovered:
D:1:      dpeg_arrival_arbitrary_c, layout_loops_ring

Skill      XL: |  1 |
---------------+----+-----
Crossbows      | 4 |  4.1
Fighting       | |  2.0
Dodging        | |  1.7
Stealth        | |  0.8

Action                   || total
-------------------------++-------
Melee: Short sword       ||    24
 Fire: Hand crossbow     ||     5
 Stab: Sleeping          ||     1
Armor: Leather armour    ||     9
Dodge: Dodged            ||    36
